| TOP OF THE 1ST |
|
South Bend Cubs batting - Pitching for Atlanta (MID) Braves : RHP Rashid bin Ala'
|
|
Pitching: RHP Rashid bin Ala'
|
|
|
Batting: RHB Puluke Konane
|
0-0: Swinging Strike 0-1: Called Strike 0-2: Strikes out looking
|
|
Batting: RHB Taylor Garofalo
|
0-0: SINGLE (Groundball, 4MD, EV 103.8 MPH)
|
|
Batting: RHB Roy Battist
|
0-0: Foul Ball, location: 2F 0-1: Foul Ball, location: 2F 0-2: Ball 1-2: Foul Ball, location: 2F 1-2: Ball 2-2: Fly out, F9 (Flyball, 9, EV 91.9 MPH)
|
|
Batting: RHB Juan Bonilla
|
0-0: Called Strike 0-1: Ball 1-1: Ball 2-1: Swinging Strike 2-2: Strikes out swinging
|
| Top of the 1st over - 0 runs, 1 hit, 0 errors, 1 left on base; South Bend 0 - Atlanta (MID) 0 |
| BOTTOM OF THE 1ST |
|
Atlanta (MID) Braves batting - Pitching for South Bend Cubs : LHP Jerry Tyson
|
|
Pitching: LHP Jerry Tyson
|
|
|
Batting: RHB Zheng-ze King
|
0-0: Ground out 6-3 (Groundball, 6, EV 86.9 MPH)
|
|
Batting: RHB Toki Takeuchi
|
0-0: Ball 1-0: Reached on error, E6 (Groundball, 6MS, EV 83.1 MPH)
|
|
Batting: SHB Richello Badua
|
0-0: Called Strike Toki Takeuchi steals 3rd base 0-1: Foul Ball, location: 2F 0-2: Foul Ball, location: 2F 0-2: 2-RUN HOME RUN (Flyball, 78XD, EV 110.6 MPH), Distance : 403 ft
|
|
Batting: RHB Josh McCormick
|
0-0: Foul Ball, location: 2F 0-1: Foul Ball, location: 2F 0-2: Strikes out swinging
|
|
Batting: LHB Oke Monti
|
0-0: Foul Ball, location: 2F 0-1: Swinging Strike 0-2: Ball 1-2: Foul Ball, location: 2F 1-2: Ball 2-2: Ball 3-2: Strikes out swinging
|
| Bottom of the 1st over - 2 runs, 1 hit, 1 error, 0 left on base; South Bend 0 - Atlanta (MID) 2 |
| TOP OF THE 2ND |
|
South Bend Cubs batting - Pitching for Atlanta (MID) Braves : RHP Rashid bin Ala'
|
|
Batting: RHB Andy Huntley
|
0-0: Ball 1-0: Foul Ball, location: 2F 1-1: Ball 2-1: Foul Ball, location: 2F 2-2: Foul Ball, location: 2F 2-2: Ball 3-2: Ground out 5-3 (Groundball, 5, EV 108.8 MPH)
|
|
Batting: RHB Dylan Burke
|
0-0: Foul Ball, location: 2F 0-1: Called Strike 0-2: Ground out 5-3 (Groundball, 56S, EV 75.0 MPH)
|
|
Batting: LHB Adam Conover
|
0-0: Foul Ball, location: 2F 0-1: Ball 1-1: Foul Ball, location: 2F 1-2: Foul Ball, location: 2F 1-2: Ground out U3 (Groundball, 3L, EV 81.2 MPH)
|
| Top of the 2nd over - 0 runs, 0 hits, 0 errors, 0 left on base; South Bend 0 - Atlanta (MID) 2 |
| BOTTOM OF THE 2ND |
|
Atlanta (MID) Braves batting - Pitching for South Bend Cubs : LHP Jerry Tyson
|
|
Batting: RHB Nick Holsinger
|
0-0: SINGLE (Groundball, 6D, EV 98.8 MPH)
|
|
Batting: RHB Badr al Din Ridha
|
0-0: Called Strike 0-1: Ball 1-1: Ball 2-1: SINGLE (Line Drive, 4M, EV 95.6 MPH) Nick Holsinger to second
|
|
Batting: RHB Phil Holman
|
0-0: Ball 1-0: Fly out, F7 (Flyball, 78M, EV 82.5 MPH)
|
|
Batting: LHB Joe Phillips
|
0-0: Ball Nick Holsinger is caught stealing 3rd base 2-5 Badr al Din Ridha to second 1-0: Swinging Strike 1-1: Ball 2-1: Fly out, F9 (Flyball, 9S, EV 88.8 MPH)
|
| Bottom of the 2nd over - 0 runs, 2 hits, 0 errors, 1 left on base; South Bend 0 - Atlanta (MID) 2 |
| TOP OF THE 3RD |
|
South Bend Cubs batting - Pitching for Atlanta (MID) Braves : RHP Rashid bin Ala'
|
|
Batting: RHB Hugo Torrez
|
0-0: Foul Ball, location: 2F 0-1: Ball 1-1: Fly out, F4 (Line Drive, 4D, EV 61.9 MPH)
|
|
Batting: LHB Hiroki Yamamoto
|
0-0: Swinging Strike 0-1: Ball 1-1: Swinging Strike 1-2: Ground out 4-3 (Groundball, 4, EV 91.2 MPH)
|
|
Batting: RHB Puluke Konane
|
0-0: Called Strike 0-1: Foul Ball, location: 2F 0-2: Foul Ball, location: 2F 0-2: Ball 1-2: Fly out, F8 (Flyball, 8RS, EV 98.8 MPH)
|
| Top of the 3rd over - 0 runs, 0 hits, 0 errors, 0 left on base; South Bend 0 - Atlanta (MID) 2 |
| BOTTOM OF THE 3RD |
|
Atlanta (MID) Braves batting - Pitching for South Bend Cubs : LHP Jerry Tyson
|
|
Batting: RHB Zheng-ze King
|
0-0: Ball 1-0: Foul Ball, location: 2F 1-1: Ball 2-1: SINGLE (Groundball, 6MD, EV 100.6 MPH)
|
|
Batting: RHB Toki Takeuchi
|
0-0: Called Strike Zheng-ze King steals 2nd base 0-1: Called Strike 0-2: Ball 1-2: Ball 2-2: Foul Ball, location: 2F 2-2: Foul Ball, location: 2F 2-2: Ground out 5-3 (Groundball, 56S, EV 73.8 MPH) Zheng-ze King to third
|
|
Batting: SHB Richello Badua
|
0-0: SINGLE (Groundball, 25, EV 68.1 MPH) (infield hit)
|
|
Batting: RHB Josh McCormick
|
0-0: Called Strike Richello Badua steals 2nd base 0-1: Foul Ball, location: 2F 0-2: Strikes out swinging
|
|
Batting: LHB Oke Monti
|
0-0: Ball 1-0: Foul Ball, location: 2F 1-1: Ground out 1-3 (Groundball, 13, EV 73.1 MPH)
|
| Bottom of the 3rd over - 0 runs, 2 hits, 0 errors, 2 left on base; South Bend 0 - Atlanta (MID) 2 |
| TOP OF THE 4TH |
|
South Bend Cubs batting - Pitching for Atlanta (MID) Braves : RHP Rashid bin Ala'
|
|
Batting: RHB Taylor Garofalo
|
0-0: Foul Ball, location: 2F 0-1: Foul Ball, location: 2F 0-2: Ball 1-2: SOLO HOME RUN (Flyball, 9LD, EV 91.2 MPH), Distance : 326 ft
|
|
Batting: RHB Roy Battist
|
0-0: Fly out, F8 (Flyball, 89D, EV 85.6 MPH)
|
|
Batting: RHB Juan Bonilla
|
0-0: Ball 1-0: Swinging Strike 1-1: Ball 2-1: Foul Ball, location: 2F 2-2: Foul Ball, location: 2F 2-2: Strikes out looking
|
|
Batting: RHB Andy Huntley
|
0-0: Called Strike 0-1: Ball 1-1: Foul Ball, location: 2F 1-2: Ball 2-2: Ground out 5-3 (Groundball, 56S, EV 85.0 MPH)
|
| Top of the 4th over - 1 run, 1 hit, 0 errors, 0 left on base; South Bend 1 - Atlanta (MID) 2 |
| BOTTOM OF THE 4TH |
|
Atlanta (MID) Braves batting - Pitching for South Bend Cubs : LHP Jerry Tyson
|
|
Batting: RHB Nick Holsinger
|
0-0: Ball 1-0: Ball 2-0: Ball 3-0: Base on Balls
|
|
Batting: RHB Badr al Din Ridha
|
0-0: Ball 1-0: Ball 2-0: Swinging Strike 2-1: Foul Ball, location: 2F 2-2: DOUBLE (Line Drive, 7LS, EV 106.9 MPH) Nick Holsinger to third
|
|
Batting: RHB Phil Holman
|
0-0: Ball 1-0: Foul Ball, location: 2F 1-1: Called Strike 1-2: Strikes out swinging
|
|
Batting: LHB Joe Phillips
|
0-0: Ball 1-0: Fly out, F7 (Flyball, 7D, EV 108.1 MPH) Runner from 3rd tags up, SCORES, throw by LF
|
|
Batting: RHB Zheng-ze King
|
0-0: SINGLE (Line Drive, 7S, EV 98.8 MPH) Badr al Din Ridha to third Runner from 3rd tries for Home, SAFE, throw by LF to home
|
|
Batting: RHB Toki Takeuchi
|
0-0: Ball 1-0: Ball 2-0: Called Strike 2-1: Foul Ball, location: 2F 2-2: Ground out 6-3 (Groundball, 56, EV 106.9 MPH)
|
| Bottom of the 4th over - 2 runs, 2 hits, 0 errors, 1 left on base; South Bend 1 - Atlanta (MID) 4 |
| TOP OF THE 5TH |
|
South Bend Cubs batting - Pitching for Atlanta (MID) Braves : RHP Rashid bin Ala'
|
|
Batting: RHB Dylan Burke
|
0-0: Called Strike 0-1: Swinging Strike 0-2: Ball 1-2: Ball 2-2: Strikes out swinging
|
|
Batting: LHB Adam Conover
|
0-0: Swinging Strike 0-1: SINGLE (Groundball, 23, EV 73.8 MPH) (infield hit)
|
|
Batting: RHB Hugo Torrez
|
0-0: Called Strike 0-1: Fielders Choice at 2nd, 6-4 (Groundball, 6, EV 99.4 MPH)
|
|
Batting: LHB Hiroki Yamamoto
|
0-0: Called Strike 0-1: Ball 1-1: Ground out 4-3 (Groundball, 4, EV 110.6 MPH)
|
| Top of the 5th over - 0 runs, 1 hit, 0 errors, 1 left on base; South Bend 1 - Atlanta (MID) 4 |
| BOTTOM OF THE 5TH |
|
Atlanta (MID) Braves batting - Pitching for South Bend Cubs : LHP Jerry Tyson
|
|
Batting: SHB Richello Badua
|
0-0: Ground out 5-3 (Groundball, 5, EV 78.1 MPH)
|
|
Now at 2B: Kwang-chih Men
|
|
|
Now at 3B: Hiroki Yamamoto
|
|
|
Batting: RHB Josh McCormick
|
0-0: Ball 1-0: Ball 2-0: Called Strike 2-1: Ball 3-1: Base on Balls
|
|
Batting: LHB Oke Monti
|
0-0: DOUBLE (Line Drive, 89M, EV 95.6 MPH) Josh McCormick to third
|
|
Pitching: RHP Velimir Sljivancanin
|
|
|
Batting: RHB Nick Holsinger
|
0-0: Called Strike 0-1: Foul Ball, location: 2F 0-2: Ball 1-2: Ball 2-2: SINGLE (Line Drive, 56, EV 98.1 MPH) Josh McCormick scores Oke Monti to third
|
|
Batting: RHB Badr al Din Ridha
|
0-0: Foul Ball, location: 2F 0-1: SINGLE (Groundball, 6MD, EV 103.8 MPH) Oke Monti scores Nick Holsinger to second
|
|
Batting: RHB Phil Holman
|
0-0: Foul Ball, location: 2F 0-1: Ball 1-1: Foul Ball, location: 2F 1-2: Ball 2-2: Ball 3-2: Foul Ball, location: 2F 3-2: Base on Balls Nick Holsinger to third Badr al Din Ridha to second
|
|
Batting: LHB Joe Phillips
|
0-0: Ball 1-0: Grounds out, U3 (Groundball, 3L, EV 85.6 MPH) Nick Holsinger scores Badr al Din Ridha to third
|
|
Batting: RHB Zheng-ze King
|
0-0: Swinging Strike 0-1: Ground out 3-1 (Groundball, 34, EV 81.9 MPH)
|
| Bottom of the 5th over - 3 runs, 3 hits, 0 errors, 2 left on base; South Bend 1 - Atlanta (MID) 7 |
| TOP OF THE 6TH |
|
South Bend Cubs batting - Pitching for Atlanta (MID) Braves : RHP Rashid bin Ala'
|
|
Batting: RHB Puluke Konane
|
0-0: Ball 1-0: Foul Ball, location: 2F 1-1: Foul Ball, location: 2F 1-2: Foul Ball, location: 2F 1-2: Ground out 4-3 (Groundball, 4, EV 101.2 MPH)
|
|
Batting: RHB Taylor Garofalo
|
0-0: Swinging Strike 0-1: Fly out, F9 (Flyball, 89S, EV 93.8 MPH)
|
|
Batting: RHB Roy Battist
|
0-0: Called Strike 0-1: Swinging Strike 0-2: Ball 1-2: Ball 2-2: Ball 3-2: Foul Ball, location: 2F 3-2: Strikes out swinging
|
| Top of the 6th over - 0 runs, 0 hits, 0 errors, 0 left on base; South Bend 1 - Atlanta (MID) 7 |
| BOTTOM OF THE 6TH |
|
Atlanta (MID) Braves batting - Pitching for South Bend Cubs : RHP Velimir Sljivancanin
|
|
Batting: RHB Toki Takeuchi
|
0-0: Foul Ball, location: 2F 0-1: Ball 1-1: Ball 2-1: Called Strike 2-2: Ball 3-2: Foul Ball, location: 2F 3-2: Ground out 5-3 (Groundball, 56, EV 80.6 MPH)
|
|
Batting: SHB Richello Badua
|
0-0: Swinging Strike 0-1: Foul Ball, location: 2F 0-2: Ball 1-2: Fly out, F8 (Flyball, 8LD, EV 81.9 MPH)
|
|
Batting: RHB Josh McCormick
|
0-0: Ball 1-0: Called Strike 1-1: Called Strike 1-2: Ball 2-2: Strikes out swinging, 2-3 out at first.
|
| Bottom of the 6th over - 0 runs, 0 hits, 0 errors, 0 left on base; South Bend 1 - Atlanta (MID) 7 |
| TOP OF THE 7TH |
|
South Bend Cubs batting - Pitching for Atlanta (MID) Braves : RHP Rashid bin Ala'
|
|
Batting: RHB Juan Bonilla
|
0-0: Called Strike 0-1: Foul Ball, location: 2F 0-2: Ball 1-2: Ball 2-2: Ground out 5-3 (Groundball, 5S, EV 78.8 MPH)
|
|
Batting: RHB Andy Huntley
|
0-0: Ball 1-0: Ball 2-0: Foul Ball, location: 2F 2-1: SINGLE (Flyball, 3D, EV 99.4 MPH)
|
|
Batting: RHB Dylan Burke
|
0-0: Ball 1-0: Fly out, F9 (Line Drive, 9LM, EV 87.5 MPH)
|
|
Batting: LHB Kwang-chih Men
|
0-0: Ball 1-0: Ball 2-0: Called Strike 2-1: Ball 3-1: Foul Ball, location: 2F Balk! Andy Huntley to second 3-2: Ground out 5-3 (Groundball, 5S, EV 86.2 MPH)
|
| Top of the 7th over - 0 runs, 1 hit, 0 errors, 1 left on base; South Bend 1 - Atlanta (MID) 7 |
| BOTTOM OF THE 7TH |
|
Atlanta (MID) Braves batting - Pitching for South Bend Cubs : RHP Velimir Sljivancanin
|
|
Pitching: RHP Rob Craft
|
|
|
Batting: LHB Oke Monti
|
0-0: Ball 1-0: Foul Ball, location: 2F 1-1: Swinging Strike 1-2: Ball 2-2: Fly out, F8 (Line Drive, 8LM, EV 90.6 MPH)
|
|
Batting: RHB Nick Holsinger
|
0-0: Called Strike 0-1: Ball 1-1: Fly out, F8 (Flyball, 8LXD, EV 96.2 MPH)
|
|
Batting: RHB Badr al Din Ridha
|
0-0: Foul Ball, location: 2F 0-1: Ball 1-1: Ball 2-1: Ground out 6-3 (Groundball, 6S, EV 61.9 MPH)
|
| Bottom of the 7th over - 0 runs, 0 hits, 0 errors, 0 left on base; South Bend 1 - Atlanta (MID) 7 |
| TOP OF THE 8TH |
|
South Bend Cubs batting - Pitching for Atlanta (MID) Braves : RHP Rashid bin Ala'
|
|
Batting: RHB Hugo Torrez
|
0-0: Ball 1-0: Ball 2-0: Ground out U3 (Groundball, 3L, EV 83.8 MPH)
|
|
Batting: LHB Hiroki Yamamoto
|
0-0: Ground out 6-3 (Groundball, 6S, EV 85.0 MPH)
|
|
Batting: RHB Puluke Konane
|
0-0: Ball 1-0: DOUBLE (Flyball, 89XD, EV 96.9 MPH)
|
|
Pitching: RHP Kevin Zika
|
|
|
Batting: RHB Taylor Garofalo
|
0-0: Swinging Strike 0-1: Ball 1-1: Ball 2-1: Ball 3-1: Foul Ball, location: 2F 3-2: Strikes out looking
|
| Top of the 8th over - 0 runs, 1 hit, 0 errors, 1 left on base; South Bend 1 - Atlanta (MID) 7 |
| BOTTOM OF THE 8TH |
|
Atlanta (MID) Braves batting - Pitching for South Bend Cubs : RHP Rob Craft
|
|
Batting: RHB Phil Holman
|
0-0: Called Strike 0-1: Ball 1-1: Foul Ball, location: 2F 1-2: Foul Ball, location: 2F 1-2: Strikes out swinging
|
|
Batting: LHB Joe Phillips
|
0-0: Ball 1-0: Ground out 1-3 (Groundball, 13S, EV 75.0 MPH)
|
|
Batting: RHB Zheng-ze King
|
0-0: SINGLE (Groundball, 56S, EV 68.8 MPH) (infield hit)
|
|
Batting: RHB Toki Takeuchi
|
0-0: Called Strike Zheng-ze King steals 2nd base 0-1: Foul Ball, location: 2F 0-2: Ball 1-2: Ball 2-2: Ball 3-2: SINGLE (Line Drive, 4M, EV 103.1 MPH) Zheng-ze King to third Runner from 3rd tries for Home, throw by CF and OUT! 8-2
|
| Bottom of the 8th over - 0 runs, 2 hits, 0 errors, 1 left on base; South Bend 1 - Atlanta (MID) 7 |
| TOP OF THE 9TH |
|
South Bend Cubs batting - Pitching for Atlanta (MID) Braves : RHP Kevin Zika
|
|
Batting: RHB Roy Battist
|
0-0: Ball 1-0: Ball 2-0: Called Strike 2-1: Ball 3-1: Called Strike 3-2: Strikes out swinging
|
|
Batting: RHB Juan Bonilla
|
0-0: Fly out, F8 (Flyball, 8RD, EV 96.9 MPH)
|
|
Batting: RHB Andy Huntley
|
0-0: Ball 1-0: Ball 2-0: Ground out 6-3 (Groundball, 6, EV 87.5 MPH)
|
| Top of the 9th over - 0 runs, 0 hits, 0 errors, 0 left on base; South Bend 1 - Atlanta (MID) 7 |
|